 Dungeon Crawl Stone Soup version 0.18.1-8-gdd0e5ea (webtiles) character file.

861 rockintein the Cleaver (level 7, -1/64 HPs)
             Began as a Minotaur Berserker on June 11, 2016.
             Was a Priest of Trog.
             Slain by Duvessa
             ... wielding a +0 short sword
              (5 damage)
             ... on level 6 of the Dungeon.
             The game lasted 00:07:08 (4177 turns).

rockintein the Cleaver (Minotaur Berserker)         Turns: 4177, Time: 00:07:09

Health: -1/64      AC: 10    Str: 23    XL:     7   Next: 71%
Magic:  6/6        EV:  9    Int:  4    God:    Trog [***...]
Gold:   245        SH:  0    Dex: 10    Spells: 0 memorised, 6 levels left

rFire  + . .     SeeInvis .     C - +0 hand axe (chop)
rCold  + . .     Gourm    .     u - +0 chain mail
rNeg   . . .     Faith    .     (no shield)
rPois  +         Spirit   .     (helmet restricted)
rElec  +         Dismiss  .     (no cloak)
rCorr  +         Reflect  .     (no gloves)
SustAt .         Harm     .     (no boots)
MR     .....                    (no amulet)
Stlth  ..........               k - ring of flight
                                d - ring of loudness (curse)

@: confused, resistant, starving, not resistant to hostile enchantments,
extremely unstealthy
A: retaliatory headbutt, horns 2
a: Berserk, Trog's Hand, Burn Spellbooks, Renounce Religion, Evoke Flight


You were on level 6 of the Dungeon.
You worshipped Trog.
Trog was most pleased with you.
You were starving.

You visited 1 branch of the dungeon, and saw 6 of its levels.

You collected 245 gold pieces.

Inventory:

Hand Weapons
 a - a +0 hand axe
 C - a +0 hand axe of chopping (weapon)
Armour
 b - a +1 animal skin
 u - a +0 chain mail (worn)
Jewellery
 d - a cursed ring of loudness (left hand)
 k - a ring of flight (right hand)
 t - an uncursed ring of resist corrosion
 x - a +4 ring of dexterity {unknown}
 z - an uncursed amulet of rage {unknown}
 A - an uncursed ring of ice {unknown}
Wands
 m - a wand of polymorph (16/24)
 p - a wand of teleportation (3/9)
Scrolls
 e - 11 scrolls of identify
 f - 4 scrolls of remove curse
 g - a scroll of noise
 j - a scroll of recharging {unknown}
 n - a scroll of fog {unknown}
 y - 2 scrolls of fear {unknown}
 B - a scroll of random uselessness {unknown}
Potions
 i - 4 potions of agility
 l - a potion of curing
 s - 2 potions of invisibility
Books
 r - Sif Muna's Collected Works on Bewitchment
   (You found it on level 2 of the Dungeon)

   Spells                             Type                      Level
   a - Corona                         Hexes                        1
   Trog disapproves of the use of such an item.
 w - an Akashic Record

   Spells                             Type                      Level
   a - Dispersal                      Translocation                6
   b - Malign Gateway                 Summoning/Translocation      7
   c - Disjunction                    Translocation                8
   d - Controlled Blink               Translocation                8
   Trog disapproves of the use of such an item.
Comestibles
 c - 3 bread rations
 o - 2 slices of pizza
 v - a meat ration


   Skills:
 + Level 6.4 Fighting
 * Level 8.2 Axes
 + Level 5.7 Armour
 - Level 2.1 Dodging


You had 6 spell levels left.
You didn't know any spells.

Dungeon Overview and Level Annotations

Branches:
Dungeon (6/15)             Temple (0/1) D:4

Altars:
Dithmenos
Elyvilon
Kikubaaqudgha
Makhleb
Sif Muna
Vehumet

Annotations:
D:6 Duvessa, Menkaure


Innate Abilities, Weirdness & Mutations

You reflexively headbutt those who attack you in melee.
You have a pair of horns on your head.


Message History

Duvessa hits you with a short sword!
* * * LOW HITPOINT WARNING * * *
Duvessa hits you but does no damage.
Wield which item (- for none, * to show all)? (? for menu, Esc to quit)
Okay, then.
Drink which item? (? for menu, Esc to quit)
It was a potion of resistance.
You feel protected. Duvessa hits you but does no damage.
Duvessa closely misses you. Menkaure hits you but does no damage.
Drink which item? (? for menu, Esc to quit)
It was a potion of ambrosia.
You are confused.
You feel invigorated. Duvessa hits you but does no damage.
Duvessa hits you with a short sword.
* * * LOW HITPOINT WARNING * * *
You bump into the rock wall.
Menkaure shouts, "The curse of the Pharaohs be upon you!"
Duvessa hits you with a short sword.
You die...

#.##.###.#
########........#
............#####
###########.#
########.#
.......[.#
########.# ###.#
#.@.#
..#########e###
.....5..).OM#
..#...####).#
#................
#...####.#######.
.. #.# .. #.# .
#.#


You could see Duvessa (berserk), a two-headed ogre and Menkaure.

Vanquished Creatures
  Eustachio (D:5)
  Edmund (D:5)
  Dowan (D:6)
  A crimson imp (D:4)
  A hound (D:6)
  A jelly (D:6)
  An orc wizard (D:4)
  A gnoll shaman (D:4)
  A quasit (D:5)
  An iguana (D:5)
  3 worker ants
  A hound zombie (D:5)
  A worker ant zombie (D:5)
  11 gnolls
  5 adders
  An ooze (D:1)
  An adder zombie (D:5)
  3 worms
  A dart slug (D:2)
  3 giant geckos
  6 orcs
  8 giant cockroaches
  9 goblins
  7 hobgoblins
  4 jackals (D:1)
  3 quokkas
  4 bats
  6 giant newts
  8 kobolds
  A quokka skeleton (D:5)
  A quokka zombie (D:4)
  8 rats
105 creatures vanquished.

Notes
Turn   | Place    | Note
--------------------------------------------------------------
     0 | D:1      | rockintein the Minotaur Berserker began the quest for the Orb.
     0 | D:1      | Reached XP level 1. HP: 19/19 MP: 0/0
    42 | D:1      | Reached XP level 2. HP: 26/27 MP: 1/1
    65 | D:1      | Reached skill level 4 in Axes
   530 | D:1      | Reached XP level 3. HP: 32/33 MP: 2/2
   560 | D:1      | Reached ** piety under Trog
   697 | D:2      | Reached skill level 5 in Axes
   697 | D:2      | Reached XP level 4. HP: 6/41 MP: 3/3
  1620 | D:2      | Found an ancient bone altar of Kikubaaqudgha.
  1621 | D:2      | Found a deep blue altar of Sif Muna.
  1624 | D:2      | Found a radiant altar of Vehumet.
  1629 | D:2      | Identified Sif Muna's Collected Works on Bewitchment
  1887 | D:3      | Reached XP level 5. HP: 32/47 MP: 4/4
  2272 | D:3      | Reached *** piety under Trog
  2462 | D:3      | Found a white marble altar of Elyvilon.
  2462 | D:3      | Found a burning altar of Makhleb.
  2605 | D:4      | Reached skill level 5 in Fighting
  2610 | D:4      | Reached skill level 6 in Axes
  2657 | D:4      | Found a staircase to the Ecumenical Temple.
  2943 | D:4      | Reached XP level 6. HP: 47/56 MP: 5/5
  3340 | D:4      | Found a shadowy altar of Dithmenos.
  3385 | D:5      | Entered Level 5 of the Dungeon
  3408 | D:5      | Noticed Edmund
  3415 | D:5      | Killed Edmund
  3458 | D:5      | Reached skill level 7 in Axes
  3513 | D:5      | Reached skill level 5 in Armour
  3553 | D:5      | Noticed Eustachio
  3572 | D:5      | Killed Eustachio
  3572 | D:5      | Reached XP level 7. HP: 55/62 MP: 6/6
  4056 | D:6      | Reached skill level 8 in Axes
  4122 | D:6      | Noticed Dowan
  4156 | D:6      | Noticed a two-headed ogre
  4157 | D:6      | Noticed Menkaure
  4157 | D:6      | Noticed Duvessa
  4163 | D:6      | Killed Dowan
  4171 | D:6      | HP: 2/64 [Duvessa/short sword (10)]
  4176 | D:6      | HP: 1/64 [Duvessa/short sword (6)]
  4177 | D:6      | Slain by Duvessa

Skill      XL: |  1  2  3  4  5  6  7 |
---------------+----------------------+-----
Axes           | 4 5 6 7 8 |  8.2
Fighting       | 4 5 6 |  6.4
Armour         | 3 4 5 |  5.7
Dodging        | |  2.1

Action                   |  1- 3 |  4- 6 |  7- 9 || total
-------------------------+-------+-------+-------++-------
Melee: Hand axe          |    57 |   134 |    95 ||   286
       Headbutt          |    14 |    20 |    14 ||    48
Invok: Berserk           |     1 |     4 |       ||     5
       Trog's Hand       |     1 |     3 |     1 ||     5
  Use: Potion            |       |     5 |     3 ||     8
       Scroll            |       |     5 |       ||     5
 Stab: Distracted        |       |     1 |       ||     1
  Eat: Chunk             |       |     8 |     1 ||     9
       Meat ration       |       |     1 |       ||     1
Armor: Animal skin       |    12 |    11 |       ||    23
       Chain mail        |       |    15 |    38 ||    53
Dodge: Dodged            |    30 |    80 |    28 ||   138
